AoeStats
← Mangeur_de_couilles

Arabian Desert

510423161Analyzed
1v1 RM · 3d ago on Sep 30, 2026· 27m 56s· 2 players
Game mode
Random Map
Map size
Tiny (2 player)
Population
200
Speed
Normal
Resources
Standard
Victory
Conquest
Starting age
Dark Age
Ending age
Imperial Age
RankedLock teamsTeams togetherTeam positionsShared explorationLock speedFull tech treeHidden civsTurbo modeCheats
Victory
Defeat
🇨🇦 Khmer · Canada
550
+17
🇪🇸 Lithuanians · Spain
564
-17
Mangeur_de_couilles
0:30 Loom
12:49 Feudal Age
13:28 Horse Collar
13:37 Double-Bit Axe
15:35 Man-at-Arms
16:01 Arson
21:29 Gold Mining
23:51 Castle Age
23:25 Bloodlines
24:55 Husbandry
25:13 Heavy Plow
25:26 Bow Saw
25:05 Crossbowman
28:42 Forging
28:32 Scale Mail Armor
28:38 Scale Barding Armor
manitasc3rdo
1:19 Loom
16:45 Feudal Age
17:16 Double-Bit Axe
17:13 Horse Collar
22:37 Fletching
27:57 Castle Age
28:17 Padded Archer Armor
Connection lost

Rejoining the realm…

Still unreachable

The connection could not be restored.

Session expired

The server has moved on; the page needs a fresh start.